 Dungeon Crawl Stone Soup version 0.30-a0-702-gdf48620a09 (webtiles) character file.

Game seed: 1103137057764520661

424 Spectrina the Spear-Bearer (level 6, -8/37 (44) HPs)
             Began as a Merfolk Reaver on Jan 21, 2023.
             Was an Initiate of Yredelemnul.
             Mangled by an ogre
             ... wielding a +0 giant spiked club
              (19 damage)
             ... on level 5 of the Dungeon.
             The game lasted 00:32:07 (2631 turns).

Spectrina the Spear-Bearer (Merfolk Reaver)         Turns: 2631, Time: 00:32:08

HP:   -8/37 (44)    AC:  6    Str: 12    XL:     6   Next: 96%
MP:   0/9           EV: 12    Int: 11    God:    Yredelemnul [......]
Gold: 131           SH:  0    Dex: 20    Spells: 4/9 levels left

rFire   . . .      SeeInvis .    a - +0 spear
rCold   + . .      Faith    .    (no shield)
rNeg    . . .      Spirit   .    b - +0 leather armour
rPois   .          Reflect  .    f - +0 helmet
rElec   .          Harm     .    z - +0 cloak
rCorr   .          Rampage  .    w - +0 pair of gloves
Will    .....                    (no boots)
Stlth   ++                       (no amulet)
HPRegen 0.26/turn                (no ring)
MPRegen 0.11/turn                (no ring)

@: immotile, very slightly contaminated, heavily drained
A: (nimble swimmer 2), mertail, agile 2, cold resistance 1
a: Renounce Religion, Recall Undead Harvest


You were on level 5 of the Dungeon.
You worshipped Yredelemnul.
Yredelemnul was noncommittal.
You visited 1 branch of the dungeon, and saw 6 of its levels.

You collected 363 gold pieces.
You spent 232 gold pieces at shops.

Inventory:

Hand Weapons
 a - a +0 spear (weapon)
 i - a +0 sling
 r - a +0 sling
 y - a +2 flail of protection
Missiles
 p - 6 javelins
Armour
 b - a +0 leather armour (worn)
 d - a +0 plate armour
 f - a +0 helmet (worn)
 w - a +0 pair of gloves (worn)
 z - a +0 cloak (worn)
 A - the +3 chain mail of Minor Irritation {Regen+ Int+3}
   (You found it on level 5 of the Dungeon)

   Int:       It affects your intelligence (+3).
   Regen:     It increases your rate of health regeneration.
Magical Staves
 e - a staff of cold
Wands
 c - a wand of flame (4)
 s - a wand of iceblast (15)
 B - a wand of mindburst (13)
Scrolls
 j - a scroll of teleportation {unknown}
 k - a scroll of fog {unknown}
 l - 6 scrolls of identify {unknown}
 n - a scroll of poison {unknown}
 q - 2 scrolls of enchant armour {unknown}
 t - a scroll of vulnerability {unknown}
 v - a scroll of summoning {unknown}
Potions
 g - a potion of magic {unknown}
 h - 2 potions of curing
 m - a potion of heal wounds
 o - a potion of degeneration {unknown}
 u - a potion of attraction {unknown}
 x - a potion of might {unknown}
 C - a potion of haste {unknown}


   Skills:
 - Level 2.1 Fighting
 * Level 8.8 Polearms
 - Level 2.6 Dodging
 - Level 0.3 Stealth
 - Level 2.0 Spellcasting
 - Level 2.4 Conjurations
 + Level 3.4 Invocations


You had 4 spell levels left.
You knew the following spells:

 Your Spells              Type           Power      Damage    Failure   Level
a - Kiss of Death         Conj/Necr      12%        2d6       22%         1
b - Momentum Strike       Conj/Tloc      6%         3d8       34%         2
c - Static Discharge      Conj/Air       6%         2-3/arc   34%         2

Your spell library contained the following spells:

 Spells                   Type           Power      Damage    Failure   Level
 Hailstorm                Conj/Ice       3%         3d3       56%         3
 Inner Flame              Hex/Fire       1%         N/A       73%         3
 Vhi's Electric Charge    Tloc/Air       2%         N/A       73%         3
 Cause Fear               Hex            0%         N/A       98%         4
 Arcjolt                  Conj/Air       1%         1d11      99%         5
 Lightning Bolt           Conj/Air       1%         1d12      99%         5
 Discord                  Hex            0%         N/A       100%        8


Dungeon Overview and Level Annotations

Branches:
Dungeon (6/15)
 Temple: D:4-7

Altars:
Nemelex Xobeh
Ru
Yredelemnul

Shops:
D:1 =   D:2 [   D:4 *


Innate Abilities, Weirdness & Mutations

((You are very nimble when in or above water. (Stealth+, EV+, Speed+++)))
Your lower body shifts to a powerful aquatic tail in water.
You are very agile. (Dex +8, Str/Int -2)
Your flesh is cold resistant. (rC+)


Message History

Aim: an ogre, wielding a +0 giant spiked club (85% to hit)
The concentrated momentum hits the ogre!
The ogre is heavily wounded.
You are unable to move.
The ogre hits you with a +0 giant spiked club!!
Ouch! That really hurt!
* * * LOW HITPOINT WARNING * * *
You hear a shout!
Unknown command.
Unknown command.
Press: ? - help, v - describe, . - travel
Here: an ogre, wielding a +0 giant spiked club (heavily wounded)
The floor.
Unknown command.
Casting: Momentum Strike (dangerous; 34% risk of failure)
Confirm with . or Enter, or press ? or * to list all spells.
Aiming: Kiss of Death (safe; 22% risk of failure)
Press: ? - help, Shift-Dir - straight line, f/p - ogre
Aim: an ogre, wielding a +0 giant spiked club (heavily wounded, 100% to hit)
The negative energy hits the ogre.
The ogre is drained!
The ogre is almost dead.
You feel drained. The ogre barely misses you.
Unknown command.
Casting: Kiss of Death (safe; 22% risk of failure)
Confirm with . or Enter, or press ? or * to list all spells.
You cannot redirect your momentum while unable to move.
Casting: Momentum Strike (dangerous; 34% risk of failure)
Confirm with . or Enter, or press ? or * to list all spells.
You miscast Static Discharge.
You are very lightly contaminated with residual magic.
Nothing appears to happen.
An ogre comes into view. It is wielding a +0 giant club.
Unknown command.
Casting: Static Discharge (dangerous; 34% risk of failure)
Confirm with . or Enter, or press ? or * to list all spells.
You miscast Static Discharge.
Nothing appears to happen.
The ogre hits you with a +0 giant spiked club!!
Ouch! That really hurt!
You die...
Your body rises from the dead as a mindless zombie.

#..# #...............###.## ..
#..###.####.##.#####.# #.# #..
#....#.# #.##.# ## #.# #..
#.##.#.# #..... .# ##'## #..
#..>...# ####.##.## ##...## #..
####>### #...?...#.....## #§ #.#
##.##.# #.......## #§
..##.########...#O##.........###§
................@..+.........'...
..##.########...#.##.........###.
. #.# ##.##O###.......## ## ..#
### .# ##.....## .### .# ##...##
#. ## ##+# #


You could see 2 ogres.

Vanquished Creatures
  A necrophage (D:4)
  A scorpion (D:4)
  2 jellies
  Ijyb (D:4)
  2 iguanas
  3 gnolls
  3 adders
  An ufetubus (D:4)
  2 dart slugs
  2 worms
  2 orcs
  7 endoplasms
  2 giant cockroaches (D:4)
  3 goblins
  5 hobgoblins
  3 jackals (D:3)
  A quokka (D:3)
  6 ball pythons
  8 bats
  2 frilled lizards
  A kobold (D:2)
  3 rats
61 creatures vanquished.

Vanquished Creatures (collateral kills)
  A jelly (D:4)
  An adder (D:3)
  An adder zombie (D:4)
  2 bats (D:3)
  An endoplasm (D:3)
  A goblin (D:4)
  A hobgoblin (D:3)
  A jackal (D:3)
  A quokka (D:3)
10 creatures vanquished.

Vanquished Creatures (others)
  An adder zombie (D:4)
  2 jelly zombies (D:4)
  3 bat zombies (D:3)
  2 ball python zombies
  A dart slug zombie (D:4)
  2 endoplasm zombies (D:3)
  A hobgoblin zombie (D:4)
  2 quokka zombies (D:3)
14 creatures vanquished.

Grand Total: 85 creatures vanquished

Notes
Turn   | Place    | Note
-------+----------+-------------------------------------------
     0 | D:1      | Spectrina the Merfolk Reaver began the quest for the Orb.
     0 | D:1      | Reached XP level 1. HP: 16/16 MP: 3/3
    16 | D:1      | Found Toemmag's Jewellery Shoppe.
   144 | D:1      | Reached XP level 2. HP: 20/22 MP: 5/5
   243 | D:1      | Reached skill level 5 in Polearms
   452 | D:2      | Found Keixock's Antique Armour Shoppe.
   486 | D:2      | Reached XP level 3. HP: 22/24 MP: 3/6
   779 | D:2      | Found a faded altar of an unknown god.
   847 | D:3      | Found a basalt altar of Yredelemnul.
   851 | D:3      | Became a worshipper of Yredelemnul the Dark
   860 | D:3      | Reached skill level 6 in Polearms
   982 | D:3      | Reached * piety under Yredelemnul
  1037 | D:3      | Reached XP level 4. HP: 22/31 MP: 7/7
  1193 | D:3      | Reached skill level 1 in Invocations
  1475 | D:4      | Found a sacrificial altar of Ru.
  1498 | D:4      | Reached skill level 7 in Polearms
  1498 | D:4      | Reached XP level 5. HP: 37/38 MP: 8/8
  1630 | D:4      | Noticed Ijyb
  1719 | D:4      | Gained mutation: You are agile. (Dex +4, Str/Int -1)
                  | [potion of mutation]
  1719 | D:4      | Gained mutation: Your flesh is cold resistant. (rC+)
                  | [potion of mutation]
  1719 | D:4      | Gained mutation: You are very agile. (Dex +8, Str/Int -2)
                  | [potion of mutation]
  1752 | D:4      | Killed Ijyb
  1765 | D:4      | Found Qano's Elemental Accessories.
  1773 | D:4      | Bought a wand of iceblast (6) for 187 gold pieces
  1773 | D:4      | Bought a wand of flame (5) for 45 gold pieces
  1923 | D:4      | Reached skill level 8 in Polearms
  1923 | D:4      | Reached XP level 6. HP: 21/44 MP: 9/9
  1985 | D:4      | Learned a level 2 spell: Momentum Strike
  1988 | D:4      | Learned a level 2 spell: Static Discharge
  1996 | D:4      | Found the +6 shillelagh "Devastator" {shatter}
  2046 | D:5      | Entered Level 5 of the Dungeon
  2046 | D:5      | Found a sparkling altar of Nemelex Xobeh.
  2295 | D:5      | Identified the +3 chain mail of Minor Irritation {Regen+
                  | Int+3}
  2365 | D:6      | Noticed an ice beast
  2631 | D:5      | Mangled by an ogre

Illustrated notes

Levels and vault maps discovered:
D:1:      roderic_dead_forest, layout_rooms, serial_shops, shop
D:2:      layout_loops_ring, serial_shops, shop,
          chequers_ecumenical_altar_lobes, minmay_tiny_reverse_x
D:3:      layout_loops_cross, mainiacjoe_overflow_six_doors_small, serial_shops,
          shop
D:4:      layout_loops_ring, nicolae_ru_awakened_eye, nicolae_elemental_shop,
          minmay_surrounded, uniq_ijyb
D:5:      layout_loops_corners, mainiacjoe_overflow_catwalk, uniq_blork_the_orc
D:6:      layout_basic, mainiacjoe_overflow_brackets, grunt_ministairs_3,
          uniq_pikel

Skill      XL: |  1  2  3  4  5  6 |
---------------+-------------------+-----
Polearms       | 5 6 7 8 |  8.8
Invocations    | 1 2 3 |  3.4
Fighting       | |  2.1
Dodging        | |  2.6
Stealth        | |  0.3
Spellcasting   | |  2.0
Conjurations   | |  2.4

Action                   |  1- 3 |  4- 6 || total
-------------------------+-------+-------++-------
Melee: Spear             |   118 |   259 ||   377
 Cast: Kiss of Death     |     2 |     1 ||     3
       Momentum Strike   |       |     5 ||     5
Evoke: Wand              |       |     1 ||     1
  Use: Potion            |       |     4 ||     4
 Stab: Sleeping          |     2 |     1 ||     3
Armor: Leather armour    |    21 |    39 ||    60
       Chain mail        |       |     1 ||     1
Dodge: Dodged            |    34 |   109 ||   143

Table legend: (Time is in decaauts)
 A = Elapsed time spent in this place.
 B = Non-inter-level travel time spent in this place.
 C = Inter-level travel time spent in this place.
 D = Time resting spent in this place.
 E = Time spent auto-exploring this place.
 F = Levels seen in this place.
 G = Mean time per level.
                   A        B        C        D        E       F      G
               +--------+--------+--------+--------+--------+-----+--------+
         Total |   2529 |   2372 |    157 |      0 |      0 |   6 |  421.5 |
       Dungeon |   2529 |   2372 |    157 |      0 |      0 |   6 |  421.5 |
               +--------+--------+--------+--------+--------+-----+--------+

Top non-repeatable levels by time:
     D:4: 706 daAuts
     D:3: 590 daAuts
     D:2: 475 daAuts
     D:5: 422 daAuts
     D:1: 330 daAuts
     D:6: 5 daAuts
